Map: Frozen Temple

Players

Sensei - Winner!

  • Race: Terran Terran
  • Spawn Location: 5:00

Fropez

  • Race: Protoss Protoss
  • League: Gold
  • Spawn Location: 11:00

VOD

Have the link to the VOD?

Description

Time

  • Played on: Sept. 12, 2016, 11:08 a.m.
  • Length: 6:32
Show
View Real Time Build Order
Export as new Build Order

Sensei Terran - Winner!

Build Orders: MMM Bio 

Get SALT Encoding   

  12  0:01  SCV  
  13  0:13  SCV  
  14  0:18  Supply Depot  
  14  0:25  SCV  
  15  0:32  Refinery  
  15  0:39  SCV  
  16  0:47  Barracks  
  16  0:54  SCV  
  17  1:06  SCV  
  18  1:19  SCV  
  19  1:26  Supply Depot  
  19  1:31  SCV  
  20  1:43  Barracks Tech Lab  
  21  1:50  Orbital Command  
  20  1:58  Command Center  
  20  2:05  Marine  
  21  2:09  Stimpack  
  21  2:18  SCV  
  22  2:25  Barracks  
  22  2:26  Marine  
  23  2:31  SCV  
  24  2:43  Marine, SCV  
  26  2:49  Barracks  
  26  2:55  SCV  
  27  3:04  Marauder  
  29  3:07  SCV  
  29  3:12  Orbital Command  
  30  3:13  Barracks Tech Lab  
  30  3:19  SCV  
  31  3:25  Marauder  
  33  3:31  SCV  
  33  3:33  Combat Shields  
  34  3:35  Supply Depot, Marauder  
  34  3:38  Barracks Reactor  
  37  3:41  SCV  
  37  3:43  SCV  
  37  3:47  Marauder  
  40  3:53  SCV  
  40  4:01  Marauder  
  41  4:04  Supply Depot  
  41  4:08  Marauder  
  41  4:09  SCV x2  
  45  4:15  Marine x2  
  47  4:21  Marine, SCV x2  
  50  4:29  Marine  
  51  4:33  Marine x2, SCV x2  
  55  4:40  Marauder  
  55  4:44  Supply Depot  
  55  4:45  SCV x2  
  59  4:47  Marine  
  59  4:51  Marine x2  
  60  4:57  SCV x2  
  61  5:00  Supply Depot  
  61  5:01  Marine  
  62  5:13  Supply Depot  
  62  5:19  Marine x2  
  62  5:20  SCV x2, Marauder x2  
  70  5:32  SCV x2  
  72  5:37  Marine x2  
  72  5:41  Marauder x2  
  78  5:44  SCV  
  79  5:53  SCV  
  79  5:55  Marine x2  
  79  5:56  SCV, Factory  
  83  5:58  Refinery, Command Center  
  83  5:59  Refinery  
  83  6:02  Marine x2  
  85  6:05  SCV  
  85  6:07  Engineering Bay  
  85  6:09  Engineering Bay  
  86  6:13  Supply Depot x2  
  86  6:20  SCV  
Show
View Real Time Build Order
Export as new Build Order

Fropez Protoss 

Build Orders:  

Get SALT Encoding   

  12  0:01  Probe (Chrono Boost)  
  13  0:19  Probe (Chrono Boost)  
  13  0:20  Pylon  
  14  0:38  Probe (Chrono Boost)  
  15  0:45  Gateway  
  15  0:48  Probe (Chrono Boost)  
  16  0:54  Gateway  
  16  0:59  Probe (Chrono Boost)  
  16  1:03  Assimilator  
  17  1:09  Probe (Chrono Boost)  
  18  1:20  Probe (Chrono Boost)  
  19  1:33  Cybernetics Core  
  19  1:45  Nexus  
  19  1:57  Probe (Chrono Boost), Assimilator  
  20  2:13  Probe (Chrono Boost), Robotics Facility  
  21  2:24  Probe (Chrono Boost)  
  22  2:31  Pylon  
  22  2:43  Probe (Chrono Boost)  
  23  2:49  Adept x2  
  27  2:52  Pylon  
  26  3:01  Probe (Chrono Boost)  
  27  3:08  Probe (Chrono Boost)  
  28  3:14  Warp Gate (Chrono Boost)  
  28  3:16  Warp Prism, Adept  
  32  3:20  Probe  
  33  3:29  Adept  
  33  3:30  Probe  
  36  3:36  Probe  
  37  3:44  Adept  
  37  3:45  Pylon  
  39  4:22  Gateway  
  37  4:25  Gateway  
  37  4:31  Gateway  
  37  4:34  Twilight Council  
  31  4:58  Immortal  
  33  5:06  Mothership Core  
  33  5:14  Gateway  
  35  5:15  Gateway  
  35  5:18  Stalker x2  
  39  5:24  Stalker  
  39  5:25  Stalker  
  43  5:28  Probe  
  43  5:31  Assimilator  
  43  5:33  Assimilator  
  44  5:40  Pylon  
  44  5:42  Probe  
  45  5:48  Probe  
  45  5:49  Dark Shrine  
  46  5:50  Pylon  
  46  6:04  Probe  
  51  6:11  Probe  
  51  6:18  Pylon  
Tags
 
Composition
MMM Bio
League
Gold
Matchup
PvT
Replay Pack
All Mines
Spawn Locations
Cross Positions
Add a new tag
Caveats
  • Supply blocks, unpowered buildings, or Contaminate may cause inaccurate times.
  • Supply counts are checked every 10 seconds.